 Dungeon Crawl Stone Soup version 0.27-a0-1442-g87b6fcb595 (webtiles) character file.

Game seed: 1696359839443021734

50586 funkygono the Slicer (level 14, -19/113 HPs)
             Began as a Gnoll Fighter on July 4, 2021.
             Was the Champion of Okawaru.
             Demolished by an orc knight (45 damage)
             ... on level 1 of the Orcish Mines.
             The game lasted 00:53:39 (17475 turns).

funkygono the Slicer (Gnoll Fighter)               Turns: 17475, Time: 00:53:41

Health: -19/113    AC: 17    Str: 17    XL:     14   Next: 55%
Magic:  36/36      EV: 16    Int: 14    God:    Okawaru [******]
Gold:   1794       SH: 19    Dex: 19    Spells: 5/31 levels left

rFire    . . .     SeeInvis .   Q - +8 whip "Snakebite" {curare, rPois}
rCold    . . .     Faith    .   c - +1 kite shield
rNeg     + . .     Spirit   .   h - +1 acid dragon scales
rPois    +         Reflect  +   r - +0 helmet
rElec    +         Harm     +   C - +0 cloak of Daisies {rElec rN+ Dex+4 Slay+4}
rCorr    +         Rampage  .   E - +0 pair of gloves "Cischara" {Regen+}
Will     +....                  G - +1 pair of boots {Fly}
Stlth    +++++.....             A - amulet "Xuloykk" {Reflect Harm Int+3 Dex+3 SH+5}
HPRegen  1.28/turn              m - ring of magical power
MPRegen  0.25/turn              q - ring of poison resistance

@: about to teleport, flying, studying 2 skills
A: fangs 1, strong nose, distributed training
a: Renounce Religion, Heroism, Finesse


You were on level 1 of the Orcish Mines.
You worshipped Okawaru.
Okawaru was exalted by your worship.
You visited 3 branches of the dungeon, and saw 17 of its levels.
You also visited: Sewer.

You collected 2522 gold pieces.
You spent 728 gold pieces at shops.

Inventory:

Hand Weapons
 a - a +1 long sword of electrocution
 p - a +6 eveningstar
 x - a +5 quick blade
 H - a +2 dagger
 Q - the +8 whip "Snakebite" (weapon) {curare, rPois}
   (You found it on level 4 of the Lair of Beasts)

   It poisons the flesh of those it strikes.
   rPois:     It protects you from poison.
 Z - a +1 great mace of protection
Missiles
 e - 11 boomerangs
 i - 107 poisoned darts (quivered)
 s - 11 curare-tipped darts
 F - 16 javelins
 V - a throwing net
Armour
 b - a +0 scale mail
 c - a +1 kite shield (worn)
 h - +1 acid dragon scales (worn)
 j - a +2 pair of gloves
 r - a +0 helmet (worn)
 C - the +0 cloak of Daisies (worn) {rElec rN+ Dex+4 Slay+4}
   (You acquired it on level 5 of the Dungeon)

   Dex:       It affects your dexterity (+4).
   Slay:      It affects your accuracy & damage with ranged weapons and melee
   (+4).
   rElec:     It insulates you from electricity.
   rN:        It protects you from negative energy.
 E - the +0 pair of gloves "Cischara" (worn) {Regen+}
   (You acquired it on level 2 of the Dungeon)

   Regen:     It increases your rate of health regeneration.
 G - a +1 pair of boots of flying (worn)
 Y - +0 acid dragon scales
Jewellery
 m - a ring of magical power (left hand)
 q - a ring of poison resistance (right hand)
 A - the amulet "Xuloykk" (around neck) {Reflect Harm Int+3 Dex+3 SH+5}
   (You acquired it on level 6 of the Dungeon)

   [amulet of reflection]

   It reflects blocked missile attacks.
   Int:       It affects your intelligence (+3).
   Dex:       It affects your dexterity (+3).
   SH:        It affects your SH (+5).
   Harm:      It increases damage dealt and taken.
 U - a ring of positive energy
 W - a ring of flight
Wands
 u - a wand of paralysis (9)
 w - a wand of iceblast (4)
 J - a wand of flame (10)
 L - a wand of digging (3)
 P - a wand of polymorph (16)
Scrolls
 g - 5 scrolls of magic mapping
 l - 8 scrolls of teleportation
 y - a scroll of silence
 B - a scroll of blinking
 I - a scroll of fog
 K - a scroll of summoning
 M - 2 scrolls of amnesia
Potions
 d - 6 potions of might
 f - 4 potions of lignification
 n - 6 potions of curing
 o - 4 potions of flight
 t - a potion of magic
 v - a potion of berserk rage
 z - 6 potions of attraction
 D - a potion of haste
 O - 2 potions of ambrosia
 R - a potion of mutation {unknown}
 S - 3 potions of heal wounds
 T - 3 potions of brilliance
Miscellaneous
 k - a phial of floods
 N - a lightning rod (4/4)


   Skills:
 + Level 11.2 Fighting
 + Level 12.5 Short Blades
 + Level 10.3 Long Blades
 + Level 9.3 Axes
 + Level 9.3 Maces & Flails
 + Level 9.3 Polearms
 + Level 9.3 Staves
 + Level 9.3 Slings
 + Level 9.3 Bows
 + Level 9.3 Crossbows
 + Level 9.3 Throwing
 + Level 11.2 Armour
 + Level 9.3 Dodging
 + Level 10.9 Stealth
 + Level 11.2 Shields
 + Level 9.3 Unarmed Combat
 + Level 9.3 Spellcasting
 + Level 7.8 Conjurations
 + Level 7.8 Hexes
 + Level 7.8 Summonings
 + Level 7.8 Necromancy
 + Level 7.8 Translocations
 + Level 7.8 Transmutations
 + Level 7.8 Fire Magic
 + Level 7.8 Ice Magic
 + Level 7.8 Air Magic
 + Level 7.8 Earth Magic
 + Level 7.8 Poison Magic
 + Level 10.1 Invocations
 + Level 9.3 Evocations


You had 5 spell levels left.
You knew the following spells:

 Your Spells              Type           Power      Damage    Failure   Level
a - Animate Skeleton      Necr           56%        N/A       1%          1
b - Apportation           Tloc           56%        N/A       1%          1
c - Corona                Hex            31%        N/A       1%          1
d - Poisonous Vapours     Pois/Air       56%        N/A       1%          2
e - Mephitic Cloud        Conj/Pois/Air  28%        N/A       2%          3
f - Pain                  Necr           100%       1d9       1%          1
g - Gell's Gravitas       Tloc           14%        N/A       2%          3
h - Sticky Flame          Conj/Fire      28%        2d5       10%         4
i - Fireball              Conj/Fire      14%        3d8       26%         5
j - Slow                  Hex            28%        N/A       1%          2
k - Frozen Ramparts       Ice            56%        1d7       2%          3

Your spell library contained the following spells:

 Spells                   Type           Power      Damage    Failure   Level
 Beastly Appendage        Tmut           56%        N/A       1%          1
 Freeze                   Ice            100%       1d11      1%          1
 Summon Small Mammal      Summ           100%       N/A       1%          1
 Static Discharge         Conj/Air       28%        N/A       1%          2
 Wereblood                Tmut           28%        N/A       1%          2
 Call Canine Familiar     Summ           28%        N/A       2%          3
 Confusing Touch          Hex            28%        N/A       2%          3
 Dazzling Flash           Conj/Hex       56%        N/A       2%          3
 Lesser Beckoning         Tloc           14%        N/A       2%          3
 Portal Projectile        Hex/Tloc       56%        N/A       2%          3
 Spider Form              Tmut/Pois      14%        N/A       2%          3
 Teleport Other           Tloc           28%        N/A       2%          3
 Airstrike                Air            14%        N/A       10%         4
 Cause Fear               Hex            14%        N/A       10%         4
 Dispel Undead            Necr           28%        3d13      10%         4
 Hailstorm                Conj/Ice       28%        3d8       10%         4
 Leda's Liquefaction      Hex/Erth       14%        N/A       10%         4
 Summon Lightning Spire   Summ/Air       28%        N/A       10%         4
 Agony                    Necr           28%        N/A       26%         5
 Excruciating Wounds      Necr           14%        N/A       26%         5
 Freezing Cloud           Conj/Ice/Air   14%        6-21      26%         5
 Lightning Bolt           Conj/Air       14%        1d27      26%         5
 Silence                  Hex/Air        14%        N/A       26%         5
 Yara's Violent Unravell  Hex/Tmut       14%        3d7       26%         5
 Starburst                Conj/Fire      14%        8x6d6     82%         6
 Dragon Form              Tmut           14%        N/A       100%        7
 Ignition                 Fire           14%        3d6       100%        8
 Dragon's Call            Summ           14%        N/A       100%        9


Dungeon Overview and Level Annotations

Branches:
Dungeon (12/15)            Temple (0/1) D:7            Lair (4/6) D:8
 Shoals (0/4) Lair:4        Snake (0/4) Lair:4          Orc (1/2) D:11
  Sewer (visited)

Altars:
Ashenzari
Cheibriados
Dithmenos
Elyvilon
Fedhas
Gozag
Kikubaaqudgha
Nemelex Xobeh
Okawaru
Sif Muna
Trog
Uskayaw
Vehumet
Xom
Yredelemnul

Shops:
D:2 ?   D:6 =   D:9 !   D:12 *

Annotations:
D:7 3 runed translucent doors, fpsbossfight's ghost, novice TeBe
D:9 2 transporters


Innate Abilities, Weirdness & Mutations

You have very sharp teeth.
Your uncanny sense of smell can sniff out nearby items.
Your experience applies equally to all skills.


Message History

You whack the gnoll!
The gnoll is poisoned.
The gnoll looks as sick as possible!
The gnoll convulses.
You kill the gnoll!
Okawaru accepts your kill. The ogre completely misses you.
You block the orc warrior's attack. You block the orc knight's attack.
The orc hits you but does no damage.
The orc warrior complains loudly.
You block the orc warrior's attack.
The orc knight hits you from afar with a +0 glaive!!
* * * LOW HITPOINT WARNING * * *
The orc barely misses you.
You whack the orc!
You kill the orc!
You block the orc warrior's attack. You block the ogre's attack.
An orc comes into view. It is wielding a +0 short sword.
Saving game... please wait.
Welcome back, funkygono the Gnoll Fighter.
Okawaru says: Bring me glory in combat!
Press ? for a list of commands and other information.
As you read the scroll of teleportation, it crumbles to dust.
You feel strangely unstable.
You kill the orc warrior!
Okawaru accepts your kill. You block the orc knight's attack.
The orc warrior misses you. You block the orc's attack.
The orc knight roars a battlecry!
The orc goes into a battle-frenzy!
The ogre closely misses you.
The orc warrior hits you but does no damage.
The orc warrior closely misses you. The gnoll misses you.
The ogre barely misses you.
A two-headed ogre comes into view. It is wielding two +0 giant clubs.
You whack the orc warrior!
The orc warrior is poisoned.
The orc warrior is moderately wounded.
The orc warrior no longer looks unusually strong. x2
You block the orc's attack. x2
The orc knight hits you but does no damage.
The orc warrior misses you.
The orc knight hits you from afar with a +0 glaive!!!
You die...

#.#.. ###
....... ## #..#
....... .##....
....... ......#
.......##.....#.
...$..$.........
.........$o.....
##.....oooo...$.
......og@oo.....
......)OoO......
................
.#..............
................
...............>
...............O
................


You could see 2 orc knights, a two-headed ogre, 3 orc warriors, 2 ogres, a gnoll
and 4 orcs.

Vanquished Creatures
  A tentacled monstrosity (D:12)
  A very ugly thing (D:12)
  2 boulder beetles (Lair:2)
  The ghost of totalnoob the Unseen, a journeyman VSBr of Uskayaw (Lair:2)
  7 hydras
  5 two-headed ogres
  Urug (Lair:4)
  Pikel (D:7)
  2 oklob plants
  2 manticores (D:11)
  3 slime creatures (D:12)
  2 cyclopes
  An elephant (Lair:2)
  5 ugly things
  3 merfolk sirens (Lair:4)
  3 black mambas
  8 cane toads
  3 unseen horrors
  2 rime drakes (Lair:2)
  4 kobold demonologists
  2 demonic crawlers (D:12)
  12 komodo dragons
  A polar bear (Lair:1)
  A merfolk (Lair:4)
  2 large abominations (D:12)
  10 blink frogs
  2 shadows
  3 wyverns
  47 yaks
  A vampire (D:12)
  A water elemental (D:11)
  A wraith (D:11)
  Grum (D:10)
  3 basilisks
  2 steam dragons
  2 vampire mosquitoes (D:12)
  Menkaure (D:7)
  2 wargs (D:8)
  7 nagas (Lair:4)
  5 acid dragons
  12 water moccasins
  Purgy (Sewer)
  7 orc warriors
  2 sky beasts
  5 small abominations (D:12)
  3 ice beasts
  2 black bears
  8 wolves
  3 ogres
  5 centaurs
  3 phantoms
  A lemure (D:7)
  5 kobold brigands
  8 bullfrogs
  2 gnoll sergeants
  2 water moccasin skeletons (D:5)
  12 killer bees
  7 wights (D:7)
  2 electric eels
  2 howler monkeys (D:9)
  A centaur zombie (D:9)
  A bullfrog zombie (D:5)
  A hound (D:4)
  A jelly (D:4)
  12 orc priests
  3 bullfrog skeletons
  2 centaur skeletons
  4 iguanas
  Natasha (thrice) (D:3)
  Terence (D:3)
  8 orc wizards
  A hound zombie (D:5)
  2 howler monkey zombies
  9 gnolls
  9 adders
  A shadow imp (D:7)
  A white imp (D:7)
  An ufetubus (D:5)
  An adder skeleton (D:5)
  A worm (D:4)
  A dart slug (D:1)
  39 orcs
  8 endoplasms
  A giant cockroach (D:1)
  9 hobgoblins
  4 jackals
  2 quokkas
  3 ball pythons
  5 bats
  4 frilled lizards
  7 goblins
  A jackal skeleton (D:4)
  16 kobolds
  4 rats
422 creatures vanquished.

Vanquished Creatures (others)
  A bush (Lair:2)
  21 fungi
  21 plants
43 creatures vanquished.

Grand Total: 465 creatures vanquished

Notes
Turn   | Place    | Note
-------+----------+-------------------------------------------
     0 | D:1      | funkygono the Gnoll Fighter began the quest for the Orb.
     0 | D:1      | Reached XP level 1. HP: 23/23 MP: 1/1
   212 | D:1      | Reached XP level 2. HP: 28/29 MP: 2/2
   309 | D:1      | Found a faded altar of an unknown god.
   900 | D:2      | Reached XP level 3. HP: 26/35 MP: 3/3
  1073 | D:2      | Found Asimuenuula's Magic Scroll Emporium.
  1208 | D:2      | Reached skill level 1 in Invocations
  1537 | D:3      | Noticed Natasha
  1546 | D:3      | Killed Natasha
  1547 | D:3      | Reached skill level 1 in Short Blades
  1547 | D:3      | Reached skill level 1 in Axes
  1547 | D:3      | Reached skill level 1 in Maces & Flails
  1547 | D:3      | Reached skill level 1 in Polearms
  1547 | D:3      | Reached skill level 1 in Staves
  1547 | D:3      | Reached skill level 1 in Slings
  1547 | D:3      | Reached skill level 1 in Bows
  1547 | D:3      | Reached skill level 1 in Crossbows
  1547 | D:3      | Reached skill level 1 in Throwing
  1547 | D:3      | Reached skill level 1 in Dodging
  1547 | D:3      | Reached skill level 1 in Stealth
  1547 | D:3      | Reached skill level 1 in Unarmed Combat
  1547 | D:3      | Reached skill level 1 in Spellcasting
  1547 | D:3      | Reached skill level 1 in Evocations
  1547 | D:3      | Reached XP level 4. HP: 26/41 MP: 5/5
  1634 | D:3      | Noticed Natasha
  1647 | D:3      | Killed Natasha
  1648 | D:3      | Reached skill level 1 in Conjurations
  1648 | D:3      | Reached skill level 1 in Hexes
  1648 | D:3      | Reached skill level 1 in Summonings
  1648 | D:3      | Reached skill level 1 in Necromancy
  1648 | D:3      | Reached skill level 1 in Translocations
  1648 | D:3      | Reached skill level 1 in Transmutations
  1648 | D:3      | Reached skill level 1 in Fire Magic
  1648 | D:3      | Reached skill level 1 in Ice Magic
  1648 | D:3      | Reached skill level 1 in Air Magic
  1648 | D:3      | Reached skill level 1 in Earth Magic
  1648 | D:3      | Reached skill level 1 in Poison Magic
  1798 | D:3      | Noticed Terence
  1804 | D:3      | Killed Terence
  1805 | D:3      | Reached XP level 5. HP: 34/47 MP: 7/7
  1992 | D:3      | Noticed Natasha
  2005 | D:3      | Killed Natasha
  2069 | D:3      | Noticed an ogre
  2074 | D:3      | Killed an ogre
  2075 | D:3      | Reached XP level 6. HP: 53/53 MP: 8/8
  2088 | D:3      | Found a glowing drain.
  2123 | Sewer    | Entered a sewer
  2220 | Sewer    | Noticed Purgy
  2246 | Sewer    | Killed Purgy
  2247 | Sewer    | Reached skill level 2 in Short Blades
  2247 | Sewer    | Reached skill level 5 in Long Blades
  2826 | D:3      | Found an iron altar of Okawaru.
  2842 | D:3      | Became a worshipper of Warmaster Okawaru
  3006 | D:3      | Found a hide-covered altar of Uskayaw.
  3007 | D:3      | Found a shadowy altar of Dithmenos.
  3053 | D:3      | Found a shimmering altar of Xom.
  3117 | D:3      | Learned a level 1 spell: Animate Skeleton
  3468 | D:4      | Reached XP level 7. HP: 46/59 MP: 10/10
  3703 | D:4      | Found a radiant altar of Vehumet.
  4532 | D:4      | Found an ancient bone altar of Kikubaaqudgha.
  4532 | D:4      | Found a shimmering blue altar of Sif Muna.
  4688 | D:5      | Entered Level 5 of the Dungeon
  4688 | D:5      | Found a broken altar of Ashenzari.
  4699 | D:5      | Reached skill level 3 in Short Blades
  4968 | D:5      | Reached XP level 8. HP: 60/67 MP: 12/12
  5163 | D:5      | Reached * piety under Okawaru
  5692 | D:5      | Reached skill level 4 in Short Blades
  5895 | D:5      | Identified 3 scrolls of acquirement
  5895 | D:5      | Acquired the +0 cloak of Daisies {rElec rN+ Dex+4 Slay+4}
  5911 | D:6      | Found a white marble altar of Elyvilon.
  6096 | D:6      | Found Buifuz's Jewellery Emporium.
  6240 | D:6      | Reached ** piety under Okawaru
  6278 | D:6      | Found a bloodstained altar of Trog.
  6350 | D:6      | Found a basalt altar of Yredelemnul.
  6512 | D:6      | Acquired a +0 pair of boots of flying
  6519 | D:6      | Acquired the amulet "Xuloykk" {Reflect Harm Int+3 Dex+3
                  | SH+5}
  6700 | D:7      | Noticed Menkaure
  6703 | D:7      | Killed Menkaure
  6704 | D:7      | Reached XP level 9. HP: 73/73 MP: 14/14
  6708 | D:7      | Reached skill level 5 in Short Blades
  6999 | D:7      | Found a runed translucent gate.
  6999 | D:7      | Found a runed translucent gate.
  6999 | D:7      | Found a runed translucent gate.
  7003 | D:7      | Noticed fpsbossfight's ghost (novice TeBe)
  7006 | D:7      | Noticed a boulder beetle
  7081 | D:7      | Found a staircase to the Ecumenical Temple.
  7228 | D:7      | Noticed Pikel
  7237 | D:7      | Killed Pikel
  7237 | D:7      | Reached *** piety under Okawaru
  7238 | D:7      | Reached skill level 6 in Short Blades
  7238 | D:7      | Reached skill level 5 in Invocations
  7297 | D:7      | Found a sparkling altar of Nemelex Xobeh.
  7328 | D:7      | Acquired 692 gold pieces
  7457 | D:2      | Bought a scroll of acquirement for 728 gold pieces
  7458 | D:2      | Acquired the +0 pair of gloves "Cischara" {Regen+}
  7722 | D:8      | Reached XP level 10. HP: 80/80 MP: 17/17
  7747 | D:8      | Received a gift from Okawaru
  7751 | D:8      | Reached skill level 5 in Axes
  7751 | D:8      | Reached skill level 5 in Maces & Flails
  7751 | D:8      | Reached skill level 5 in Polearms
  7751 | D:8      | Reached skill level 5 in Staves
  7751 | D:8      | Reached skill level 5 in Slings
  7751 | D:8      | Reached skill level 5 in Bows
  7751 | D:8      | Reached skill level 5 in Crossbows
  7751 | D:8      | Reached skill level 5 in Throwing
  7751 | D:8      | Reached skill level 5 in Dodging
  7751 | D:8      | Reached skill level 5 in Stealth
  7751 | D:8      | Reached skill level 5 in Unarmed Combat
  7751 | D:8      | Reached skill level 5 in Spellcasting
  7751 | D:8      | Reached skill level 5 in Evocations
  7934 | D:8      | Received a gift from Okawaru
  7940 | D:8      | Reached skill level 7 in Short Blades
  7945 | D:8      | Found a staircase to the Lair.
  8158 | D:8      | Found a snail-covered altar of Cheibriados.
  8167 | D:8      | Noticed a cyclops
  8193 | D:8      | Killed a cyclops
  8193 | D:8      | Reached **** piety under Okawaru
  8506 | D:8      | Learned a level 1 spell: Apportation
  8508 | D:8      | Learned a level 1 spell: Corona
  8570 | Lair:1   | Entered Level 1 of the Lair of Beasts
  8570 | Lair:1   | Noticed a cane toad
  8587 | Lair:1   | Noticed a cane toad
  8671 | D:8      | Killed a cane toad
  8674 | D:8      | Killed a cane toad
  8843 | Lair:1   | Received a gift from Okawaru
  8844 | Lair:1   | Reached skill level 8 in Short Blades
  8844 | Lair:1   | Reached XP level 11. HP: 87/87 MP: 19/19
  8877 | Lair:1   | Reached ***** piety under Okawaru
  9024 | Lair:1   | Reached skill level 5 in Conjurations
  9024 | Lair:1   | Reached skill level 5 in Hexes
  9024 | Lair:1   | Reached skill level 5 in Summonings
  9024 | Lair:1   | Reached skill level 5 in Necromancy
  9024 | Lair:1   | Reached skill level 5 in Translocations
  9024 | Lair:1   | Reached skill level 5 in Transmutations
  9024 | Lair:1   | Reached skill level 5 in Fire Magic
  9024 | Lair:1   | Reached skill level 5 in Ice Magic
  9024 | Lair:1   | Reached skill level 5 in Air Magic
  9024 | Lair:1   | Reached skill level 5 in Earth Magic
  9024 | Lair:1   | Reached skill level 5 in Poison Magic
  9027 | Lair:1   | Received a gift from Okawaru
  9414 | Lair:1   | Noticed a six-headed hydra
  9425 | Lair:1   | Killed a six-headed hydra
  9582 | Lair:1   | Reached skill level 9 in Short Blades
  9693 | Lair:1   | Learned a level 2 spell: Poisonous Vapours
  9824 | Lair:2   | Noticed a six-headed hydra
  9830 | Lair:2   | Killed a seven-headed hydra
  9830 | Lair:2   | Received a gift from Okawaru
  9830 | Lair:2   | Received a gift from Okawaru
  9832 | Lair:2   | Noticed a five-headed hydra
  9834 | Lair:2   | Noticed a four-headed hydra
  9837 | Lair:2   | Killed a five-headed hydra
  9837 | Lair:2   | Reached ****** piety under Okawaru
  9840 | Lair:2   | Killed a four-headed hydra
  9841 | Lair:2   | Reached XP level 12. HP: 96/96 MP: 22/22
  9843 | Lair:2   | Noticed a boulder beetle
  9872 | Lair:2   | Killed a boulder beetle
 10272 | Lair:2   | Found a runed translucent door.
 10278 | Lair:2   | Noticed totalnoob's ghost (journeyman VSBr)
 10291 | Lair:2   | Killed totalnoob's ghost
 10292 | Lair:2   | Reached skill level 10 in Short Blades
 10366 | Lair:2   | Noticed a six-headed hydra
 10376 | Lair:2   | Killed a six-headed hydra
 10678 | Lair:2   | Noticed a boulder beetle
 10712 | Lair:2   | Killed a boulder beetle
 10777 | Lair:2   | Received a gift from Okawaru
 10778 | Lair:2   | Reached skill level 10 in Fighting
 10778 | Lair:2   | Reached skill level 10 in Armour
 10778 | Lair:2   | Reached skill level 10 in Shields
 11069 | Lair:3   | Received a gift from Okawaru
 11321 | Lair:3   | Reached XP level 13. HP: 103/103 MP: 24/24
 11355 | Lair:3   | Learned a level 3 spell: Mephitic Cloud
 11424 | Lair:3   | Received a gift from Okawaru
 11609 | Lair:3   | Reached skill level 11 in Short Blades
 12137 | Lair:4   | Found a staircase to the Snake Pit.
 12266 | Lair:4   | Found a staircase to the Shoals.
 12640 | Lair:4   | Received a gift from Okawaru
 12667 | Lair:4   | Found the +8 whip "Snakebite" {curare, rPois}
 12917 | Lair:4   | Noticed Urug
 12935 | Lair:4   | Killed Urug
 13234 | Lair:4   | Learned a level 1 spell: Pain
 13512 | D:9      | Found Dequno's Distillery.
 13615 | D:9      | Found a transporter.
 13625 | D:9      | Found a transporter.
 14116 | D:9      | Found a blossoming altar of Fedhas.
 14209 | D:10     | Entered Level 10 of the Dungeon
 14577 | D:10     | Found an opulent altar of Gozag.
 14686 | D:10     | Noticed Grum
 14696 | D:10     | Killed Grum
 14696 | D:10     | Received a gift from Okawaru
 14717 | D:10     | Reached skill level 10 in Stealth
 15204 | D:10     | Learned a level 3 spell: Gell's Gravitas
 15246 | D:11     | Found a staircase to the Orcish Mines.
 15312 | D:11     | Reached XP level 14. HP: 111/111 MP: 26/26
 15667 | D:11     | Reached skill level 12 in Short Blades
 15667 | D:11     | Reached skill level 10 in Long Blades
 16059 | D:11     | Learned a level 4 spell: Sticky Flame
 16065 | D:11     | Learned a level 5 spell: Fireball
 16068 | D:11     | Learned a level 2 spell: Slow
 16377 | D:12     | Found Fohion's Assorted Antiques.
 16461 | D:12     | Learned a level 3 spell: Frozen Ramparts
 16616 | D:12     | Received a gift from Okawaru
 16764 | D:12     | Found a runed translucent door.
 16993 | D:12     | Acquired 594 gold pieces
 17005 | D:12     | Noticed a tentacled monstrosity
 17024 | D:12     | Killed a tentacled monstrosity
 17025 | D:12     | Reached skill level 10 in Invocations
 17069 | D:12     | Got Arghaoffo's Incunabulum of the Birds
 17093 | D:12     | Noticed a red very ugly thing
 17110 | D:12     | Killed a red very ugly thing
 17221 | D:12     | Received a gift from Okawaru
 17457 | Orc:1    | Entered Level 1 of the Orcish Mines
 17475 | Orc:1    | Demolished by an orc knight

Illustrated notes

Levels and vault maps discovered:
D:1:      eino_arrival_water_star, layout_loops_cross,
          hellmonk_ecumenical_altar_leap_of_faith, chequers_mini_garden
D:2:      layout_rooms, serial_shops, shop
D:3:      layout_basic, lemuel_round_altar, gammafunk_temple_overflow_statue,
          lemuel_tele_altar, gup_sewer_entry_glass,
          chequers_serial_rivers_room_a, uniq_terence, uniq_natasha
D:4:      kennysheep_big_flooded_room, layout_basic,
          grunt_temple_overflow_magic_moments, grunt_ministairs_2, minivault_26
D:5:      layout_rooms, general_overflow_altar
D:6:      layout_basic, kennysheep_mini, elyvilon_altar_4, trog_hazing_becter,
          serial_shops, nicolae_shop_stone
D:7:      layout_rooms, nemelex_dance_club_becter, minmay_temple_entry_mist,
          gammafunk_ghost_split, st_stairs_5, uniq_pikel, uniq_menkaure
D:8:      layout_gridville, amcnicky_altar_gilded, erik_lair_orcish_takeover
D:9:      layout_loops_ring, gammafunk_temple_overflow_arena, serial_shops,
          nicolae_shop_trees, serial_bayou_lake_a
D:10:     layout_long_grid, overflow_temple_1_default, uniq_grum
D:11:     statuecave_lemuel, layout_loops_ring, david_orc_2
D:12:     cheibrodos_body_horror, layout_basic, serial_shops,
          nicolae_shop_competitors_out_of_business
Lair:1:   layout_regular_city
Lair:2:   nzn_winding_woodlands_small [nzn_winding_woodlands_5x15_pockets,
          nzn_winding_woodlands_center_diamonds,
          nzn_winding_woodlands_5x15_pathside_ponds], layout_loops_ring,
          ebering_ghost_reflecting_pool, chequers_serial_rivers_large_a,
          minmay_lair_oklob_items
Lair:3:   dpeg_oklob_gauntlet, layout_concentric_octagons
Lair:4:   minmay_guarded_unrand_snakebite, layout_hall_layers,
          elwin_shoals_entry_stream, minmay_snake_entry_guardpost_medium,
          uniq_urug
Orc:1:    layout_caves, serial_shops, nicolae_shop_window_shopping

Skill      XL: |  1  2  3  4  5  6  7  8  9 10 11 12 13 14 |
---------------+-------------------------------------------+-----
Invocations    | 1 2 3 4 5 6 7 8 9 10 | 10.1
Short Blades   | 1 2 3 4 6 8 9 10 11 12 | 12.5
Axes           | 1 2 3 4 5 6 7 8 9 |  9.3
Maces & Flails | 1 2 3 4 5 6 7 8 9 |  9.3
Polearms       | 1 2 3 4 5 6 7 8 9 |  9.3
Staves         | 1 2 3 4 5 6 7 8 9 |  9.3
Slings         | 1 2 3 4 5 6 7 8 9 |  9.3
Bows           | 1 2 3 4 5 6 7 8 9 |  9.3
Crossbows      | 1 2 3 4 5 6 7 8 9 |  9.3
Throwing       | 1 2 3 4 5 6 7 8 9 |  9.3
Dodging        | 1 2 3 4 5 6 7 8 9 |  9.3
Stealth        | 1 2 3 4 5 6 8 10 | 10.9
Unarmed Combat | 1 2 3 4 5 6 7 8 9 |  9.3
Spellcasting   | 1 2 3 4 5 6 7 8 9 |  9.3
Evocations     | 1 2 3 4 5 6 7 8 9 |  9.3
Conjurations   | 1 2 3 4 5 6 7 |  7.8
Hexes          | 1 2 3 4 5 6 7 |  7.8
Summonings     | 1 2 3 4 5 6 7 |  7.8
Necromancy     | 1 2 3 4 5 6 7 |  7.8
Translocations | 1 2 3 4 5 6 7 |  7.8
Transmutations | 1 2 3 4 5 6 7 |  7.8
Fire Magic     | 1 2 3 4 5 6 7 |  7.8
Ice Magic      | 1 2 3 4 5 6 7 |  7.8
Air Magic      | 1 2 3 4 5 6 7 |  7.8
Earth Magic    | 1 2 3 4 5 6 7 |  7.8
Poison Magic   | 1 2 3 4 5 6 7 |  7.8
Long Blades    | 5 6 7 8 9 10 | 10.3
Fighting       | 7 8 9 10 11 | 11.2
Armour         | 7 8 9 10 11 | 11.2
Shields        | 7 8 9 10 11 | 11.2

Action                   |  1- 3 |  4- 6 |  7- 9 | 10-12 | 13-15 || total
-------------------------+-------+-------+-------+-------+-------++-------
Melee: Long sword        |    85 |   133 |   269 |   255 |    84 ||   826
       Bite              |     6 |    10 |    40 |    53 |    71 ||   180
       Dagger            |       |       |       |     7 |       ||     7
       Whip              |       |       |       |       |   320 ||   320
Throw: Javelin           |     5 |    12 |    19 |       |     1 ||    37
       Boomerang         |       |     3 |    24 |    71 |   181 ||   279
       Dart              |       |       |       |       |     3 ||     3
 Cast: Animate Skeleton  |       |       |     1 |       |       ||     1
       Corona            |       |       |       |     7 |       ||     7
       Poisonous Vapours |       |       |       |    14 |     7 ||    21
       Mephitic Cloud    |       |       |       |       |    11 ||    11
       Pain              |       |       |       |       |     3 ||     3
       Gell's Gravitas   |       |       |       |       |     3 ||     3
       Frozen Ramparts   |       |       |       |       |     2 ||     2
       Sticky Flame      |       |       |       |       |     1 ||     1
Invok: Heroism           |       |       |     2 |    17 |    28 ||    47
       Finesse           |       |       |       |       |     1 ||     1
Evoke: Wand              |       |       |       |    39 |    10 ||    49
       Phial of floods   |       |       |       |     1 |       ||     1
       Lightning rod     |       |       |       |       |     2 ||     2
  Use: Scroll            |     5 |     3 |    11 |     3 |     8 ||    30
       Potion            |       |     4 |     1 |     2 |     1 ||     8
 Stab: Sleeping          |       |       |     1 |     1 |    10 ||    12
       Distracted        |       |       |       |     1 |     1 ||     2
       Confused          |       |       |       |       |     1 ||     1
Armor: Scale mail        |    45 |    64 |   119 |    57 |    14 ||   299
       Skin              |       |    19 |       |       |       ||    19
       Acid dragon scale |       |       |       |       |    46 ||    46
Dodge: Dodged            |    21 |    49 |    99 |    90 |   138 ||   397
Block: Kite shield       |    48 |   118 |   185 |   216 |   272 ||   839
       Reflection        |       |       |       |     9 |    13 ||    22
       Rpst.: Long sword |     7 |     9 |    31 |    34 |     8 ||    89

Table legend: (Time is in decaauts)
 A = Elapsed time spent in this place.
 B = Non-inter-level travel time spent in this place.
 C = Inter-level travel time spent in this place.
 D = Time resting spent in this place.
 E = Time spent auto-exploring this place.
 F = Levels seen in this place.
 G = Mean time per level.
                   A        B        C        D        E       F      G
               +--------+--------+--------+--------+--------+-----+--------+
         Total |  17561 |  16707 |    854 |   1221 |  11892 |  18 |  975.6 |
       Dungeon |  12369 |  11717 |    652 |    793 |   8366 |  12 | 1030.8 |
          Lair |   4485 |   4283 |    202 |     56 |   3316 |   4 | 1121.2 |
  Orcish Mines |     13 |     13 |      0 |      0 |      0 |   1 |   13.0 |
         Sewer |    693 |    693 |      0 |    372 |    209 |   1 |  693.0 |
               +--------+--------+--------+--------+--------+-----+--------+

Top non-repeatable levels by time:
     D:4: 1390 daAuts
  Lair:2: 1329 daAuts
     D:3: 1302 daAuts
     D:5: 1280 daAuts
  Lair:4: 1235 daAuts
     D:8: 1222 daAuts
    D:12: 1205 daAuts
    D:10: 997 daAuts
  Lair:3: 992 daAuts
    D:11: 947 daAuts
  Lair:1: 928 daAuts
     D:1: 913 daAuts
     D:7: 872 daAuts
     D:9: 801 daAuts
     D:2: 733 daAuts
